 Dungeon Crawl Stone Soup version 0.20.1-1-g8b1a95d (webtiles) character file.

2739 tidbits the Martial Artist (level 9, -15/59 HPs)
             Began as an Octopode Air Elementalist on July 17, 2017.
             Was a Follower of Okawaru.
             Demolished by Overlord's ghost (27 damage)
             ... on level 8 of the Dungeon.
             The game lasted 00:56:39 (6134 turns).

tidbits the Martial Artist (OpAE)                   Turns: 6134, Time: 00:56:40

Health: -15/59     AC:  8    Str: 12    XL:     9   Next: 67%
Magic:  11/12      EV: 27    Int: 19    God:    Okawaru [*.....]
Gold:   334        SH:  0    Dex: 19    Spells: 6/12 levels left

rFire    . . .     SeeInvis .     - Unarmed
rCold    . . .     Gourm    .   (no shield)
rNeg     . . .     Faith    .   E - +2 hat
rPois    .         Spirit   .   (no amulet)
rElec    .         Reflect  .   U - +3 ring of protection
rCorr    .         Harm     .   (no ring)
MR       .....                  (no ring)
Stlth    +++++++...             (no ring)
Regen    0.0/turn               (no ring)
MPRegen  0.2/turn               (no ring)
                                (no ring)
                                (no ring)

@: mighty, agile, heroism
A: almost no armour, stealthy swim, amphibious, 8 rings, constrict 8, icy blue
scales 1, camouflage 1, sense surroundings 1, inhibited regeneration, gelatinous
body 1
a: Heroism, Renounce Religion


You were on level 8 of the Dungeon.
You worshipped Okawaru.
Okawaru was aware of your devotion.
You were not hungry.

You visited 2 branches of the dungeon, and saw 10 of its levels.

You collected 455 gold pieces.
You spent 121 gold pieces at shops.

Inventory:

Hand Weapons
 b - a +1 dagger of pain
   (You took it off a goblin on level 3 of the Dungeon)
 d - a +0 hunting sling
 s - a cursed -2 shortbow
 y - a +0 blowgun
Missiles
 h - 154 stones
 j - 28 sling bullets
 l - 11 tomahawks (quivered)
 t - 85 arrows
Armour
 E - a +2 hat (worn)
Magical Staves
 q - an uncursed staff of wizardry {!a}
   (You found it on level 6 of the Dungeon)
 J - an uncursed staff of cold
   (You found it on level 8 of the Dungeon)
Jewellery
 p - an uncursed ring of ice
   (You found it on level 4 of the Dungeon)
 U - a +3 ring of protection (left tentacle)
   (You found it on level 6 of the Dungeon)
Wands
 D - a wand of flame (25/48)
 I - a wand of lightning (9/15)
Scrolls
 c - 2 scrolls of magic mapping
 g - 5 scrolls of immolation
 k - 2 scrolls of recharging
 m - 3 scrolls of enchant weapon {unknown}
 n - a scroll of fear {unknown}
 o - a scroll of noise {unknown}
 r - 4 scrolls of remove curse
 x - a scroll of amnesia
 A - a scroll of teleportation {unknown}
 C - a scroll of enchant armour {unknown}
Potions
 v - a potion of curing
 z - 3 potions of ambrosia
Books
 a - a book of Air

   Spells                             Type                      Level
   a - Shock                          Conjuration/Air              1
   b - Swiftness                      Charms/Air                   2
   c - Static Discharge               Conjuration/Air              3
   d - Airstrike                      Air                          4
   e - Lightning Bolt                 Conjuration/Air              5
Comestibles
 f - 6 bread rations
 B - 3 royal jellies
 F - a meat ration
 G - 2 fruits


   Skills:
 + Level 4.7(9.7) Fighting
 - Level 5.3(10.3) Dodging
 - Level 5.0(10.0) Stealth
 - Level 9.8(14.8) Unarmed Combat
 - Level 2.0 Spellcasting
 - Level 1.1 Conjurations
 - Level 3.0 Air Magic
 - Level 3.5 Invocations


You had 6 spell levels left.
You knew the following spells:

 Your Spells              Type           Power        Failure   Level  Hunger
d - Static Discharge      Conj/Air       #.......     22%         3    ###....
z - Shock                 Conj/Air       #...         8%          1    #......
W - Swiftness             Chrm/Air       #.......     14%         2    ###....


Dungeon Overview and Level Annotations

Branches:
Dungeon (9/15)             Temple (1/1) D:7
   Lair: D:8-11         Orc: D:9-12

Altars:
Cheibriados
Dithmenos
Elyvilon
Fedhas
Gozag
Hepliaklqana
Kikubaaqudgha
Makhleb
Nemelex Xobeh
Okawaru
Qazlal
Ru
Sif Muna
Trog
Uskayaw
Vehumet
Xom
Yredelemnul
Zin
The Shining One

Shops:
D:4 !   D:6 [

Annotations:
D:1 exclusion: gnoll
D:8 Erica; Joseph; Overlord's ghost, novice TrMo


Innate Abilities, Weirdness & Mutations

You cannot wear most types of armour.
You are very stealthy in the water. (Stealth+)
You are amphibious.
You can wear up to eight rings at the same time.
You can use your tentacles to constrict eight enemies at once.
Your skin changes colour to match your surroundings (Stealth+).
Your rubbery body absorbs attacks. (AC +1, EV +1)
You are partially covered in icy blue scales. (AC +2)
You passively map a small area around you.
You do not regenerate when monsters are visible.


Message History

The ball of steam hits you!
* * * LOW HITPOINT WARNING * * *
You hear an angry buzzing noise.
You bludgeon the steam dragon!
The steam dragon is severely wounded.
You are engulfed in a cloud of scalding steam.
You tentacle-slap the steam dragon but do no damage.
Your tentacle-slap misses the steam dragon.
The steam dragon is severely wounded.
You are engulfed in a cloud of scalding steam.
* * * LOW HITPOINT WARNING * * *
The steam dragon barely misses you. x2
Unknown command.
You barely miss the steam dragon.
The steam dragon is severely wounded.
The steam dragon bites you.
* * * LOW HITPOINT WARNING * * *
The steam dragon claws you.
* * * LOW HITPOINT WARNING * * *
Unknown command.
You tentacle-slap the steam dragon but do no damage.
Your squeeze misses the steam dragon.
The steam dragon is severely wounded.
The steam dragon completely misses you. The steam dragon misses you.
You feel much better. The steam dragon closely misses you.
The steam dragon misses you.
You tentacle-slap the steam dragon.
The steam dragon is severely wounded.
You barely miss the steam dragon.
The steam dragon is severely wounded.
The steam dragon breathes steam at you. The ball of steam hits you!
* * * LOW HITPOINT WARNING * * *
Unknown command.
You bludgeon the steam dragon!
You kill the steam dragon!
Okawaru accepts your kill.
The steam dragon scales are intact enough to wear.
Your base Stealth skill increases to level 5!
You are engulfed in a cloud of scalding steam.
* * * LOW HITPOINT WARNING * * *
Okay, then.
Unknown command.
Okay, then.
Unknown command.
Okay, then.
Press: ? - help, v - describe, . - travel, g - get item
Here: Overlord's ghost +0 steam dragon scales.
There is something else lying underneath.
The floor, spattered with blood.
Overlord's ghost assumes a wrestling stance.
Blink to where?
Press: ? - help, Dir - move target cursor You are very lightly contaminated with residual magic.
As you read the scroll of blinking, it crumbles to dust.
You feel like a meek peon again.
All of the chunks of flesh in your inventory have rotted away.
There is a stone staircase leading up here.
You climb upwards.
There is a stone staircase leading down here.
There is a stone staircase leading down here.
Okay, then.
You start resting.
Your magical contamination has completely faded away.
You start resting.
HP restored.
You climb downwards.
Level annotation: Erica; Joseph; Overlord's ghost, novice TrMo
There is a stone staircase leading up here.
Things that are here:
+0 steam dragon scales; a steam dragon skeleton Overlord's ghost turns its malevolent gaze towards you.
Okay, then.
Unknown command.
You gain the combat prowess of a mighty hero.
You feel agile all of a sudden.
You feel very mighty all of a sudden. Overlord's ghost hits you!!
You bludgeon Overlord's ghost!
Overlord's ghost is lightly damaged.
Overlord's ghost hits you!
* * * LOW HITPOINT WARNING * * *
You tentacle-slap Overlord's ghost but do no damage.
Your squeeze misses Overlord's ghost.
Overlord's ghost is lightly damaged.
You batter Overlord's ghost!!
Overlord's ghost is heavily damaged.
Overlord's ghost barely misses you.
You closely miss Overlord's ghost. You tentacle-slap Overlord's ghost.
You squeeze Overlord's ghost!
Overlord's ghost is heavily damaged.
Overlord's ghost closely misses you.
You tentacle-slap Overlord's ghost but do no damage.
Overlord's ghost is heavily damaged.
Overlord's ghost hits you!!
* * * LOW HITPOINT WARNING * * *
Okay, then.
You feel better. Overlord's ghost hits you!!
You die...

##.....######...#########.#* *
###.......#..##.#.# ##..##
#....._...##....).### #....###
#.#.......#####.....#* ##.##.#..
#.##.....## #.#.#..###..##.#..
##.###...## #.#.##........W##.
#..# ##### #.#W######.###..#.
#.## #W#..## #.# #.... #.#
###@##..# ..# #..## #.#
##.[.###.###>#* #.### #.#
##..#####.##.># ##....
#.##########<.###.......## #..#..
#.....##.....###.........###.##.#
..............#..............##.#
.....................[...)###...#
..........................#...###
.................................


You could see Overlord's ghost.

Vanquished Creatures
  Prince Ribbit (D:8)
  Sigmund (D:2)
  Eustachio (D:6)
  A steam dragon (D:8)
  An ice beast (D:6)
  An orc warrior (D:5)
  A sky beast (D:7)
  A necrophage (D:5)
  An ogre (D:5)
  2 centaurs
  2 bullfrogs (D:7)
  A water moccasin zombie (D:5)
  5 killer bees (D:8)
  5 howler monkeys
  A crimson imp (D:8)
  A hound (D:6)
  2 orc priests
  8 orc wizards
  A bullfrog skeleton (D:8)
  Natasha (D:2)
  2 iguanas
  6 worker ants
  Robin (D:2)
  A worker ant zombie (D:5)
  4 gnolls (D:4)
  2 howler monkey skeletons
  12 adders
  An ooze (D:4)
  3 adder zombies
  2 adder skeletons
  4 dart slugs
  4 leopard geckos (D:3)
  19 orcs
  4 giant cockroaches
  15 hobgoblins
  6 jackals
  A quokka (D:4)
  3 ball pythons (D:1)
  6 bats
  4 frilled lizards
  16 goblins
  7 kobolds
  5 rats
166 creatures vanquished.

Notes
Turn   | Place    | Note
-------+----------+-------------------------------------------
     0 | D:1      | tidbits the Octopode Air Elementalist began the quest for the Orb.
     0 | D:1      | Reached XP level 1. HP: 11/11 MP: 3/3
     6 | D:1      | Noticed a rime drake
     6 | D:1      | Noticed a water moccasin
     6 | D:1      | Noticed a swamp worm
     6 | D:1      | Noticed a wolf
     6 | D:1      | Noticed a komodo dragon
   135 | D:1      | Reached skill level 1 in Fighting
   220 | D:1      | Reached XP level 2. HP: 17/18 MP: 5/5
   279 | D:1      | Learned a level 2 spell: Swiftness
   341 | D:2      | Reached skill level 2 in Fighting
   359 | D:2      | Noticed Natasha
   562 | D:3      | Reached XP level 3. HP: 20/25 MP: 3/6
   679 | D:3      | Reached skill level 3 in Fighting
   803 | D:3      | Reached skill level 3 in Stealth
   804 | D:3      | Reached XP level 4. HP: 18/31 MP: 4/7
   816 | D:3      | Gained mutation: You do not regenerate when monsters are visible. [potion of mutation]
   816 | D:3      | Gained mutation: You are partially covered in icy blue scales. (AC +2) [potion of mutation]
   816 | D:3      | Gained mutation: You passively map a small area around you. [potion of mutation]
   816 | D:3      | HP: 3/31 [orc/dagger (2)]
  1068 | D:3      | HP: 3/31 [orc/dagger (2)]
  1165 | D:2      | Reached skill level 1 in Unarmed Combat
  1570 | D:2      | Noticed Robin
  1775 | D:3      | Reached skill level 2 in Unarmed Combat
  1964 | D:3      | Reached XP level 5. HP: 35/36 MP: 6/8
  2138 | D:5      | Entered Level 5 of the Dungeon
  2142 | D:5      | Noticed an orc warrior
  2202 | D:4      | Found Ugainua's Distillery.
  2234 | D:4      | Bought a potion of agility for 44 gold pieces
  2234 | D:4      | Bought a potion of curing for 33 gold pieces
  2234 | D:4      | Bought a potion of might for 44 gold pieces
  2265 | D:4      | Reached skill level 3 in Unarmed Combat
  2385 | D:5      | Reached skill level 4 in Unarmed Combat
  2385 | D:5      | Reached XP level 6. HP: 40/42 MP: 6/9
  2395 | D:5      | Learned a level 3 spell: Static Discharge
  2410 | D:5      | Noticed a necrophage
  2433 | D:5      | Killed a necrophage
  2433 | D:5      | Reached skill level 5 in Unarmed Combat
  2601 | D:4      | Found a glowing golden altar of the Shining One.
  2601 | D:4      | Noticed a sky beast
  2772 | D:5      | Found a glowing golden altar of the Shining One.
  3082 | D:4      | Reached XP level 7. HP: 38/46 MP: 10/10
  3099 | D:4      | Reached skill level 3 in Dodging
  3538 | D:2      | Killed Natasha
  3596 | D:2      | Found a snail-covered altar of Cheibriados.
  3616 | D:2      | Noticed Sigmund
  3633 | D:2      | Killed Sigmund
  3633 | D:2      | Reached skill level 6 in Unarmed Combat
  3733 | D:2      | Killed Robin
  4015 | D:5      | Reached skill level 7 in Unarmed Combat
  4015 | D:5      | Reached XP level 8. HP: 52/52 MP: 8/11
  4043 | D:5      | Reached skill level 8 in Unarmed Combat
  4406 | D:7      | Found a staircase to the Ecumenical Temple.
  4424 | Temple   | Entered the Ecumenical Temple
  4446 | Temple   | Became a worshipper of Warmaster Okawaru
  4569 | D:7      | Reached skill level 9 in Unarmed Combat
  4677 | D:6      | Found Ugeteq's Armour Shop.
  4689 | D:6      | Noticed Eustachio
  4696 | D:6      | Found a radiant altar of Vehumet.
  4727 | D:6      | Killed Eustachio
  4921 | D:6      | Reached XP level 9. HP: 34/57 MP: 8/12
  5098 | D:8      | Noticed Prince Ribbit
  5102 | D:8      | Reached skill level 4 in Dodging
  5176 | D:8      | Killed Prince Ribbit
  5176 | D:8      | Reached * piety under Okawaru
  5176 | D:8      | Reached skill level 5 in Dodging
  5223 | D:8      | Found a shimmering altar of Xom.
  5290 | D:8      | Reached skill level 1 in Invocations
  5293 | D:8      | Reached skill level 2 in Invocations
  5327 | D:8      | Reached skill level 3 in Invocations
  5456 | D:8      | Noticed Erica
  5474 | D:8      | Noticed Overlord's ghost (novice TrMo)
  5603 | D:7      | Reached skill level 4 in Fighting
  5610 | D:7      | Reached skill level 4 in Stealth
  5666 | D:7      | Found a radiant altar of Vehumet.
  5708 | D:8      | Noticed Joseph
  5803 | D:8      | Reached skill level 5 in Stealth
  5803 | D:8      | HP: 3/59 [something (6)]
  6132 | D:8      | HP: 3/59 [Overlord's ghost (19)]
  6134 | D:8      | Demolished by Overlord's ghost

Skill      XL: |  1  2  3  4  5  6  7  8  9 |
---------------+----------------------------+-----
Fighting       | 1 2 3 4 |  4.7
Stealth        | 3 5 |  5.0
Unarmed Combat | 2 4 5 7 9 |  9.8
Dodging        | 3 5 |  5.3
Invocations    | 3 |  3.5
Spellcasting   | |  2.0
Conjurations   | |  1.1
Air Magic      | |  3.0

Action                   |  1- 3 |  4- 6 |  7- 9 || total
-------------------------+-------+-------+-------++-------
Melee: Unarmed           |    15 |   102 |   244 ||   361
       Constrict         |    17 |    28 |    53 ||    98
       Tentacles         |     6 |    22 |    45 ||    73
       Dagger            |    32 |    29 |     5 ||    66
       Punch             |       |     5 |     7 ||    12
 Cast: Shock             |    29 |    32 |    52 ||   113
       Swiftness         |       |     3 |       ||     3
       Static Discharge  |       |       |     3 ||     3
Invok: Heroism           |       |       |     8 ||     8
  Use: Scroll            |       |    10 |     3 ||    13
       Potion            |       |     3 |    13 ||    16
 Stab: Sleeping          |     4 |    15 |     6 ||    25
  Eat: Chunk             |       |     6 |     6 ||    12
       Royal jelly       |       |     1 |       ||     1
       Meat ration       |       |       |     1 ||     1
Armor: Skin              |     6 |    23 |    49 ||    78
Dodge: Dodged            |    30 |    77 |   146 ||   253

Table legend:
 A = Turns spent in this place as a percentage of turns spent in the entire game.
 B = Non-inter-level travel turns spent in this place as a percentage of non-inter-level travel turns spent in the entire game.
 C = Inter-level travel turns spent in this place as a percentage of turns spent in this place.
 D = Turns resting spent in this place as a percentage of non-inter-level travel turns spent in this place.
 E = Turns spent auto-exploring this place as a percentage of non-inter-level travel turns spent in this place.
 F = Non-inter-level travel turns spent in this place divided by the number of levels of this place that you've seen.
                   A       B       C       D       E      F
               +-------+-------+-------+-------+-------+----------------------
         Total | 100.0 | 100.0 |   0.4 |   0.1 |   0.0 | 527.0
       Dungeon |  98.0 |  98.0 |   0.4 |   0.1 |   0.0 | 573.9
        Temple |   2.0 |   2.0 |   0.0 |   0.0 |   0.0 | 105.0
               +-------+-------+-------+-------+-------+----------------------

Table legend:
 A = Kills in this place as a percentage of kills in entire the game.
 B = Kills by you in this place as a percentage of kills by you in the entire game.
 C = Kills by friends in this place as a percentage of kills by friends in the entire game.
 D = Other kills in this place as a percentage of other kills in the entire game.
 E = Experience gained in this place as a percentage of experience gained in the entire game.
 F = Experience gained in this place divided by the number of levels of this place that you have seen.
                   A       B       C       D       E      F
               +-------+-------+-------+-------+-------+----------------------
         Total | 100.0 | 100.0 |  -nan |  -nan | 100.0 | 391.3
       Dungeon | 100.0 | 100.0 |  -nan |  -nan | 100.0 | 434.8
               +-------+-------+-------+-------+-------+----------------------

Vault maps used:
D:1:      onia_arrival_zoo_common
D:2:      kennysheep_slug_shrine, uniq_natasha, uniq_robin, uniq_sigmund
D:4:      kennysheep_little_box, serial_shops, shop_fountains, minmay_bisected
D:5:      first_bread, minmay_misc_feat_cross, hangedman_decor_slide_cut,
          eino_small_chamber_without_monster, tso_metal_star
D:6:      overflow_temple_1_default, serial_shops, nicolae_shop_crystal,
          grunt_decor_one_mirror, hangedman_decor_points, uniq_eustachio
D:7:      minmay_temple_entry_glass, wad_floor_pattern_untrapped,
          vehumet_altar_wand_db
D:8:      lemuel_round_altar, kennysheep_mini, uniq_erica, uniq_joseph,
          uniq_prince_ribbit1
D:9:      hangedman_fish_farm
Temple:   lightli_temple_of_artemis
